 Dungeon Crawl Stone Soup version 0.28-a0-1613-gdaab1c2f9b (webtiles) character file.

Game seed: 953965979947074312

1666 cyrus the Carver (level 8, -11/70 HPs)
             Began as a Minotaur Fighter on Jan 21, 2022.
             Mangled by a yak (12 damage)
             ... on level 6 of the Dungeon.
             The game lasted 00:28:02 (6545 turns).

cyrus the Carver (Minotaur Fighter)                 Turns: 6545, Time: 00:28:02

Health: -11/70     AC:  8    Str: 21    XL:     8   Next: 69%
Magic:  7/7        EV: 10    Int:  5    God:
Gold:   318        SH:  5    Dex: 12    Spells: 7/7 levels left

rFire   . . .      SeeInvis .   a - +1 long sword (freeze)
rCold   . . .      Faith    .   c - +0 buckler
rNeg    + . .      Spirit   .   b - +0 scale mail
rPois   .          Reflect  .   (helmet restricted)
rElec   .          Harm     .   (no cloak)
rCorr   .          Rampage  .   (no gloves)
Will    .....                   (no boots)
Stlth   ..........              m - macabre finger necklace {rN+}
HPRegen 0.21/turn               (no ring)
MPRegen 0.10/turn               (no ring)
                                (no ring)

@: no status effects
A: horns 2, retaliatory headbutt
a: no special abilities


You were on level 6 of the Dungeon.
You visited 1 branch of the dungeon, and saw 6 of its levels.

You collected 318 gold pieces.

Inventory:

Hand Weapons
 a - a +1 long sword of freezing (weapon)
 d - a +4 quarterstaff of chaos
 y - a +2 flail of holy wrath
 B - a +0 falchion of electrocution
 C - a +0 war axe
 G - a +0 giant spiked club of electrocution
Missiles
 f - 3 large rocks
 j - 33 sling bullets
Armour
 b - a +0 scale mail (worn)
 c - a +0 buckler (worn)
 e - a +0 leather armour of cold resistance
 o - a +0 cloak
 x - a +0 helmet
Jewellery
 m - the macabre finger necklace (around neck) {rN+}
   (You found it on level 2 of the Dungeon)

   [amulet of nothing]

   It enables you to equip an extra ring.
   rN:        It protects you from negative energy.
 p - a +4 ring of slaying
 I - a ring of willpower
Scrolls
 k - 3 scrolls of identify
 n - a scroll of fear
 q - 3 scrolls of noise {unknown}
 r - a scroll of vulnerability
 u - a scroll of torment
 w - a scroll of magic mapping
 A - 2 scrolls of immolation {unknown}
 E - a scroll of summoning {unknown}
 H - a scroll of amnesia
Potions
 g - 2 potions of curing {unknown}
 h - a potion of cancellation {unknown}
 l - a potion of heal wounds {unknown}
 t - a potion of degeneration {unknown}
 v - a potion of lignification {unknown}
 z - 3 potions of mutation {unknown}
 D - a potion of brilliance {unknown}
 F - a potion of attraction {unknown}


   Skills:
 + Level 6.3 Fighting
 + Level 8.6 Long Blades
 + Level 0.4 Staves
 + Level 7.6 Armour
 + Level 2.9 Dodging
 + Level 0.4 Stealth
 + Level 5.8 Shields


You had 7 spell levels left.
You didn't know any spells.
Your spell library contained the following spells:

 Spells                   Type           Power      Damage    Failure   Level
 Animate Skeleton         Necr           0%         N/A       86%         1
 Freeze                   Ice            0%         1d3       86%         1
 Pain                     Necr           0%         1d4       86%         1
 Ensorcelled Hibernation  Hex/Ice        0%         N/A       94%         2
 Passwall                 Tmut/Erth      0%         N/A       94%         2
 Frozen Ramparts          Ice            0%         1d2       99%         3
 Swiftness                Air            0%         N/A       99%         3
 Vampiric Draining        Necr           0%         2d6       99%         3
 Hailstorm                Conj/Ice       0%         3d3       100%        4


Dungeon Overview and Level Annotations

Branches:
Dungeon (6/15)             Temple (0/1) D:4

Altars:

Shops:
D:1 *   D:4 [

Annotations:
D:6 Grinder


Innate Abilities, Weirdness & Mutations

You have a pair of horns on your head.
You reflexively headbutt those who attack you in melee.


Message History

The killer bee zombie is severely damaged.
The killer bee zombie closely misses you.
The yak gores you but does no damage. You block the yak's attack.
The killer bee zombie hits you but does no damage.
The yak gores you!
You slash the killer bee zombie!
You destroy the killer bee zombie!
The yak gores you but does no damage.
Grinder blinks!
The yak barely misses you.
You slash the yak! You freeze the yak. You headbutt the yak.
You kill the yak!
You block the yak's attack. The yak barely misses you.
You closely miss the yak. You headbutt the yak.
The yak is lightly wounded.
The yak misses you. You furiously retaliate!
You headbutt the yak. The yak barely misses you. You block the yak's attack.
You slash the yak! You freeze the yak.
The yak is heavily wounded.
The yak gores you! The yak barely misses you. The yak gores you.
You slash the yak! You freeze the yak. You headbutt the yak.
You kill the yak!
You block the yak's attack. The yak gores you!
* * * LOW HITPOINT WARNING * * *
The yak gores you but does no damage. Grinder gestures at you.
You resist with some effort. The yak gores you.
* * * LOW HITPOINT WARNING * * *
You see here a yak corpse.
You block the yak's attack. The yak misses you. You furiously retaliate!
You headbutt the yak!
Unknown command.
You completely miss the yak. Your headbutt misses the yak.
The yak is lightly wounded.
You block the yak's attack.
You slash the yak! You freeze the yak.
The yak is heavily wounded.
The yak gores you.
* * * LOW HITPOINT WARNING * * *
The yak gores you!
You die...

......................##
.5..........##.....)..#
..........##........# ..
.................##### ....
##...................######
.....#.......##............##..#
#........†..##.##..........#....
##..........#.Y...............).
.............5Y@................
.##.#.........#................#
#....##......#................#
#.... #...####...............##
...#.....## ######..........#
.#.###...# ##.........## #
..#### #..........# .#
#......#.... ###..#.##..#


You could see Grinder and 2 yaks.

Vanquished Creatures
  2 yaks (D:6)
  Edmund (D:5)
  A water moccasin (D:5)
  An ice beast (D:5)
  3 ogres (D:5)
  A phantom (D:5)
  A scorpion (D:3)
  A wyvern skeleton (D:6)
  A water moccasin zombie (D:5)
  Crazy Yiuf (D:2)
  A bullfrog skeleton (D:4)
  4 hounds
  2 jellies (D:4)
  4 iguanas
  An orc wizard (D:4)
  A killer bee zombie (D:6)
  5 adders
  3 ufetubi
  An adder skeleton (D:4)
  3 worms
  A dart slug (D:1)
  19 orcs
  8 endoplasms
  8 giant cockroaches
  8 goblins
  9 hobgoblins
  A jackal (D:1)
  7 quokkas
  7 ball pythons
  5 bats
  5 frilled lizards
  9 kobolds
  11 rats
136 creatures vanquished.

Notes
Turn   | Place    | Note
-------+----------+-------------------------------------------
     0 | D:1      | cyrus the Minotaur Fighter began the quest for the Orb.
     0 | D:1      | Reached XP level 1. HP: 19/19 MP: 0/0
   229 | D:1      | Reached XP level 2. HP: 25/27 MP: 1/1
   301 | D:1      | Found Jazo's Assorted Antiques.
   643 | D:1      | Reached XP level 3. HP: 14/33 MP: 2/2
   954 | D:1      | Reached skill level 3 in Long Blades
  1289 | D:2      | Reached skill level 1 in Dodging
  1561 | D:2      | Found the macabre finger necklace {rN+}
  1769 | D:2      | Reached XP level 4. HP: 40/40 MP: 3/3
  1882 | D:2      | Found a runed translucent door.
  1883 | D:2      | Noticed Crazy Yiuf
  1891 | D:2      | Killed Crazy Yiuf
  2896 | D:3      | Reached skill level 4 in Long Blades
  2896 | D:3      | Reached XP level 5. HP: 47/47 MP: 4/4
  3412 | D:3      | Reached skill level 5 in Armour
  4176 | D:4      | Reached XP level 6. HP: 53/53 MP: 5/5
  4194 | D:4      | Found Tiucs's Antique Armour Boutique.
  4393 | D:4      | Reached skill level 5 in Long Blades
  4494 | D:4      | Found a staircase to the Ecumenical Temple.
  4754 | D:4      | Reached skill level 5 in Fighting
  5077 | D:5      | Entered Level 5 of the Dungeon
  5107 | D:5      | Reached XP level 7. HP: 49/61 MP: 6/6
  5221 | D:5      | Reached skill level 6 in Long Blades
  5569 | D:5      | Reached skill level 7 in Long Blades
  5670 | D:5      | Reached skill level 5 in Shields
  5774 | D:5      | Noticed Edmund
  5796 | D:5      | Killed Edmund
  5797 | D:5      | Reached XP level 8. HP: 33/70 MP: 7/7
  6022 | D:5      | Upgraded the game from 0.28-a0-1594-ga885d4b3d6 to
                  | 0.28-a0-1613-gdaab1c2f9b
  6407 | D:6      | Reached skill level 8 in Long Blades
  6522 | D:6      | Noticed Grinder
  6545 | D:6      | HP: 1/70 [yak (4)]
  6545 | D:6      | Mangled by a yak

Illustrated notes

Levels and vault maps discovered:
D:1:      dpeg_arrival_lava_altar, layout_basic, serial_shops,
          nicolae_shop_behind_doors, minmay_octomino_c4
D:2:      layout_basic, uniq_crazy_yiuf_cottage
D:3:      layout_loops_ring, kennysheep_cross_room, minmay_increasing_density
D:4:      layout_gridville, minmay_temple_entry_poolview, serial_shops,
          nicolae_shop_statue_plus, cheibrodos_sewer_entry_bend,
          hangedman_decor_diamond_cutter
D:5:      layout_gridville, uniq_edmund
D:6:      minmay_bubble_buster, layout_cave_pools, uniq_grinder

Skill      XL: |  1  2  3  4  5  6  7  8 |
---------------+-------------------------+-----
Armour         | 4 5 6 7 |  7.6
Fighting       | 4 5 6 |  6.3
Shields        | 4 5 |  5.8
Long Blades    | 3 4 5 7 8 |  8.6
Dodging        | 1 2 |  2.9
Staves         | |  0.4
Stealth        | |  0.4

Action                   |  1- 3 |  4- 6 |  7- 9 || total
-------------------------+-------+-------+-------++-------
Melee: Long sword        |    94 |   165 |    79 ||   338
       Headbutt          |    13 |    27 |    17 ||    57
       Quarterstaff      |       |       |     2 ||     2
  Use: Scroll            |     6 |     1 |     7 ||    14
       Potion            |       |     2 |       ||     2
Armor: Scale mail        |    54 |    71 |    33 ||   158
Dodge: Dodged            |    60 |    82 |    38 ||   180
Block: Buckler           |    29 |    46 |    24 ||    99

Table legend: (Time is in decaauts)
 A = Elapsed time spent in this place.
 B = Non-inter-level travel time spent in this place.
 C = Inter-level travel time spent in this place.
 D = Time resting spent in this place.
 E = Time spent auto-exploring this place.
 F = Levels seen in this place.
 G = Mean time per level.
                   A        B        C        D        E       F      G
               +--------+--------+--------+--------+--------+-----+--------+
         Total |   6622 |   6622 |      0 |   1722 |   3264 |   6 | 1103.7 |
       Dungeon |   6622 |   6622 |      0 |   1722 |   3264 |   6 | 1103.7 |
               +--------+--------+--------+--------+--------+-----+--------+

Top non-repeatable levels by time:
     D:3: 1783 daAuts
     D:5: 1302 daAuts
     D:1: 1231 daAuts
     D:2: 1173 daAuts
     D:4: 958 daAuts
     D:6: 172 daAuts
